 Dungeon Crawl Stone Soup version 0.31-a0-102-g33a4ccc0cb (webtiles) character file.

Game seed: 831432815934675801

424 Medalis the Shield-Bearer (level 6, -1/62 HPs)
             Began as a Troll Fighter on May 26, 2023.
             Slain by a lemure (6 damage)
             ... led by Pikel
             ... on level 4 of the Dungeon.
             The game lasted 00:18:09 (2313 turns).

Medalis the Shield-Bearer (Troll Fighter)           Turns: 2313, Time: 00:18:10

Health: -1/62      AC:  4    Str: 27      XL:     6   Next: 64%
Magic:  5/5        EV:  9    Int:  2 (4)  God:
Gold:   165        SH:  8    Dex:  9      Spells: 5/5 levels left

rFire   . . .        a - +0 war axe
rCold   . . .        c - +0 kite shield
rNeg    . . .        b - +0 robe
rPois   .            (helmet restricted)
rElec   .            (no cloak)
rCorr   .            (gloves unavailable)
SInv    .            (boots unavailable)
Will    .....        (no amulet)
Stlth   +            (no ring)
HPRegen 1.10/turn    (no ring)
MPRegen 0.09/turn

%: no passive effects
@: brilliant
A: large, unfitting armour, claws 3, regeneration 1, shaggy fur 1, tough skin 1,
horns 1, high MP 1, MP-powered wands
a: no special abilities


You were on level 4 of the Dungeon.
You visited 1 branch of the dungeon, and saw 5 of its levels.

You collected 165 gold pieces.

Inventory:

Hand Weapons
 a - a +0 war axe (weapon)
Armour
 b - a +0 robe (worn)
 c - a +0 kite shield (worn)
Jewellery
 d - a +6 ring of intelligence
Wands
 l - a wand of roots (8)
Scrolls
 e - a scroll of fear {unknown}
 f - 3 scrolls of identify {unknown}
 g - 2 scrolls of blinking {unknown}
 i - a scroll of enchant armour {unknown}
 k - 2 scrolls of noise {unknown}


   Skills:
 + Level 3.8 Fighting
 + Level 3.6 Axes
 + Level 3.5 Dodging
 + Level 0.1 Stealth
 + Level 3.8 Shields


You had 5 spell levels left.
You didn't know any spells.
Your spell library was empty.

Dungeon Overview and Level Annotations

Branches:
Dungeon (5/15)
 Temple: D:4-7

Altars:

Annotations:
D:3 Sigmund
D:4 Pikel
D:5 Edmund


Innate Abilities, Weirdness & Mutations

You are too large for most types of armour.
You have claws for hands.
Your natural rate of healing is unusually fast.
You are covered in fur. (AC +1)
You have tough skin. (AC +1)
You have a pair of small horns on your head.
You have an increased reservoir of magic. (+10% MP)
You expend magic power (3 MP) to strengthen your wands.


Message History

You block Pikel's attack. The lemure hits you but does no damage.
You climb upwards.
There is a stone staircase leading down, spattered with blood here.
You barely miss Pikel. You closely miss the lemure. You barely miss the lemure.
You block the lemure's attack. Pikel barely misses you.
The lemure barely misses you.
You closely miss Pikel. You barely miss the lemure. You hit the lemure.
The lemure hits you!
Pikel hits you with a +2 whip of flaming!
Pikel burns you. The lemure closely misses you. You block the lemure's attack.
Pikel hits you with a +2 whip of flaming.
Pikel burns you. The lemure hits you but does no damage.
You hit Pikel.
Pikel is lightly wounded.
You hit the lemure. You slash the lemure! You block the lemure's attack.
You block Pikel's attack. The lemure barely misses you.
You slash Pikel!
Pikel is moderately wounded.
You completely miss the lemure. You barely miss the lemure.
The lemure hits you.
Pikel hits you with a +2 whip of flaming!
Pikel burns you. The lemure hits you.
* * * LOW HITPOINT WARNING * * *
The lemure hits you.
* * * LOW HITPOINT WARNING * * *
You block Pikel's attack. You block the lemure's attack.
It was a potion of brilliance.
You feel clever all of a sudden. You block the lemure's attack.
You block Pikel's attack. The lemure closely misses you.
It was a potion of mutation.
You feel extremely strange. A pair of horns grows on your head!
You feel your magical essence link to the dungeon's wands.
You feel more energetic. The lemure hits you!
* * * LOW HITPOINT WARNING * * *
Pikel barely misses you. The lemure hits you.
* * * LOW HITPOINT WARNING * * *
The lemure hits you.
You die...

.###### ###...######### #
......######.....# ##
.####.....#...#### ####. ..#
#####.#.#..# ######....
#.#######......# ###......###
#.......##.....# #)).######
######.........#######[###
###...........55..#.....##
....##.........>@<.......## ####
.######..#.....K..........# ##...
.# ##..................###.... ##
#...................##.....
#.#.................†..#...
#...................#.#####
##.#...................# #
#..#.................### #
######..................#..######


You could see Pikel and 2 lemures.

Vanquished Creatures
  A lemure (D:4)
  A scorpion (D:4)
  An orc priest (D:2)
  4 orc wizards
  2 sleepcaps (D:4)
  3 gnolls (D:4)
  7 adders
  A worm (D:3)
  4 dart slugs
  12 orcs
  2 bats
  4 endoplasms (D:4)
  3 giant cockroaches
  8 hobgoblins
  8 jackals
  5 quokkas
  A ball python (D:4)
  4 goblins
  2 kobolds
  6 rats
79 creatures vanquished.

Notes
Turn   | Place    | Note
-------+----------+-------------------------------------------
     0 | D:1      | Medalis the Troll Fighter began the quest for the Orb.
     0 | D:1      | Reached XP level 1. HP: 22/22 MP: 0/0
    44 | D:1      | Reached XP level 2. HP: 24/29 MP: 1/1
   152 | D:3      | Reached XP level 3. HP: 33/36 MP: 2/2
   345 | D:3      | Identified the +0 leather armour of Marbles {Contam Str+6
                  | Int+9 Stlth-}
   369 | D:3      | Reached XP level 4. HP: 39/44 MP: 3/3
   555 | D:2      | Identified the +2 scale mail "Caog" {Rampage Fly rN+}
   924 | D:2      | Reached XP level 5. HP: 53/53 MP: 4/4
  1477 | D:3      | Noticed Sigmund
  1565 | D:4      | Reached XP level 6. HP: 7/61 MP: 5/5
  2283 | D:5      | Entered Level 5 of the Dungeon
  2283 | D:5      | Noticed Pikel
  2287 | D:5      | Noticed Edmund
  2312 | D:4      | Gained mutation: You have a pair of small horns on your
                  | head. [potion of mutation]
  2312 | D:4      | Gained mutation: You expend magic power (3 MP) to
                  | strengthen your wands. [potion of mutation]
  2312 | D:4      | Gained mutation: You have an increased reservoir of magic.
                  | (+10% MP) [potion of mutation]
  2313 | D:4      | Slain by a lemure

Illustrated notes

Levels and vault maps discovered:
D:1:      amcnicky_arrival_single_pillar, layout_rooms, serial_bayou_crossing
D:2:      layout_basic, minmay_strange_pillars, st_stairs_12, kennysheep_boxes
D:3:      minmay_evil_eye, layout_loops_ring, hex_large, uniq_sigmund
D:4:      layout_rooms
D:5:      layout_basic, grunt_temple_overflow_open, lemuel_temple_firewalk_b,
          uniq_pikel, uniq_edmund, uniq_blork_the_orc

Skill      XL: |  1  2  3  4  5 |
---------------+----------------+-----
Axes           | 2 3 |  3.6
Shields        | 3 |  3.8
Fighting       | 3 |  3.8
Dodging        | 3 |  3.5
Stealth        | |  0.1

Action                     |  1- 3 |  4- 6 || total
---------------------------+-------+-------++-------
  Melee: War axe           |    76 |   216 ||   292
    Use: Potion            |       |     5 ||     5
 Armour: Robe              |    49 |    70 ||   119
  Dodge: Dodged            |    37 |    91 ||   128
  Block: Kite shield       |    37 |   105 ||   142

Table legend: (Time is in decaauts)
 A = Elapsed time spent in this place.
 B = Non-inter-level travel time spent in this place.
 C = Inter-level travel time spent in this place.
 D = Time resting spent in this place.
 E = Time spent auto-exploring this place.
 F = Levels seen in this place.
 G = Mean time per level.
                   A        B        C        D        E       F      G
               +--------+--------+--------+--------+--------+-----+--------+
         Total |   2458 |   2382 |     76 |    300 |      0 |   5 |  491.6 |
       Dungeon |   2458 |   2382 |     76 |    300 |      0 |   5 |  491.6 |
               +--------+--------+--------+--------+--------+-----+--------+

Top non-repeatable levels by time:
     D:2: 922 daAuts
     D:4: 863 daAuts
     D:3: 608 daAuts
     D:1: 57 daAuts
     D:5: 7 daAuts
